 Dungeon Crawl Stone Soup version 0.28.0 (webtiles) character file.

Game seed: 15000402765649090432

0 fiver49 the Chucker (level 1, -8/16 HPs)
             Began as a Demonspawn Hunter on Feb 13, 2022.
             Mangled by a gnoll (9 damage)
             ... on level 1 of the Dungeon.
             The game lasted 00:00:20 (54 turns).

fiver49 the Chucker (Demonspawn Hunter)               Turns: 54, Time: 00:00:21

Health: -8/16      AC:  3    Str: 12    XL:     1   Next: 8%
Magic:  1/1        EV: 11    Int: 12    God:
Gold:   19         SH:  0    Dex: 13    Spells: 0/0 levels left

rFire   . . .      SeeInvis .   a - +0 short sword
rCold   . . .      Faith    .   (no shield)
rNeg    . . .      Spirit   .   b - +0 leather armour
rPois   .          Reflect  .   (no helmet)
rElec   .          Harm     .   (no cloak)
rCorr   .          Rampage  .   (no gloves)
Will    .....                   (no boots)
Stlth   +.........              (no amulet)
HPRegen 0.05/turn               (no ring)
MPRegen 0.07/turn               (no ring)

@: no status effects
A: no striking features
a: no special abilities


You were on level 1 of the Dungeon.
You visited 1 branch of the dungeon, and saw 1 of its levels.

You collected 19 gold pieces.

Inventory:

Hand Weapons
 a - a +0 short sword (weapon)
Missiles
 c - 3 javelins (quivered)
 d - 2 throwing nets
Armour
 b - a +0 leather armour (worn)


   Skills:
 + Level 2.0 Fighting
 - Level 3.6 Throwing
 + Level 1.8 Dodging
 + Level 0.9 Stealth


You couldn't memorise any spells.
You didn't know any spells.
Your spell library was empty.

Dungeon Overview and Level Annotations

Branches:
Dungeon (1/15)

Altars:


Message History

Lua error: /dgldir/rcfiles/crawl-0.28/fiver49.rc:79: attempt to call global 'table_has' (a nil value) Welcome, fiver49 the Demonspawn Hunter.
The heart of this dungeon contains the splendid artefact, the Orb of Zot.
Press ? for a list of commands and other information.
Found 9 gold pieces.
Found a staircase leading out of the dungeon.
Found 10 gold pieces.
There is a staircase leading out of the dungeon here.
You now have 9 gold pieces.
You now have 19 gold pieces (gained 10).
A frilled lizard comes into view.
A frilled lizard is nearby!
The frilled lizard barely misses you.
You hit the frilled lizard but do no damage.
The frilled lizard closely misses you.
The frilled lizard bites you but does no damage.
You miss the frilled lizard. The frilled lizard closely misses you.
You closely miss the frilled lizard.
The frilled lizard bites you but does no damage.
You miss the frilled lizard. The frilled lizard bites you.
You hit the frilled lizard.
You kill the frilled lizard!
No target in view!
HP restored.
A gnoll comes into view. It is wielding a +0 spear.
The gnoll shouts!
The gnoll hits you with a +0 spear!
Ouch! That really hurt!
You barely miss the gnoll. The gnoll hits you with a +0 spear.
* * * LOW HITPOINT WARNING * * *
You barely miss the gnoll. The gnoll closely misses you.
You hit the gnoll.
The gnoll is lightly wounded.
The gnoll closely misses you.
Throw: 6 javelins
Press: ? - help, Q - select action, (/) - cycle Shift-Dir - straight line, f - gnoll
Aim: a gnoll, wielding a +0 spear (lightly wounded, 63% to hit)
You throw a javelin. The javelin pierces through the gnoll.
The gnoll is moderately wounded.
The gnoll barely misses you. The gnoll hits you with a +0 spear.
* * * LOW HITPOINT WARNING * * *
Throw: 5 javelins
Press: ? - help, Q - select action, (/) - cycle Shift-Dir - straight line, f/p - gnoll
Aim: a gnoll, wielding a +0 spear (moderately wounded, 63% to hit)
You throw a javelin. The javelin closely misses the gnoll.
The gnoll barely misses you.
Unknown command.
Throw: 4 javelins
Press: ? - help, Q - select action, (/) - cycle Shift-Dir - straight line, f/p - gnoll
Aim: a gnoll, wielding a +0 spear (moderately wounded, 63% to hit)
You throw a javelin. The javelin pierces through the gnoll!
The gnoll is almost dead.
The gnoll hits you with a +0 spear!
Ouch! That really hurt!
You die...

# #....#.#.....###
#......#.##.....
#..#........####.#
#..#####.#.......#
#...........####
##.#######..# #..#
#.#######..#
#.....g@..##
###########


You could see a gnoll.

Vanquished Creatures
  A frilled lizard (D:1)
1 creature vanquished.

Notes
Turn   | Place    | Note
-------+----------+-------------------------------------------
     0 | D:1      | fiver49 the Demonspawn Hunter began the quest for the Orb.
     0 | D:1      | Reached XP level 1. HP: 16/16 MP: 1/1
    49 | D:1      | HP: 4/16 [gnoll (4)]
    52 | D:1      | HP: 1/16 [gnoll (3)]
    54 | D:1      | Mangled by a gnoll

Illustrated notes

Levels and vault maps discovered:
D:1:      scummos_arrival_star, layout_basic, hellmonk_ecumenical_altar_zigzags,
          item_on_display_a

Action                   || total
-------------------------++-------
Melee: Short sword       ||     8
Throw: Javelin           ||     3
Armor: Leather armour    ||     2
Dodge: Dodged            ||     7

Table legend: (Time is in decaauts)
 A = Elapsed time spent in this place.
 B = Non-inter-level travel time spent in this place.
 C = Inter-level travel time spent in this place.
 D = Time resting spent in this place.
 E = Time spent auto-exploring this place.
 F = Levels seen in this place.
 G = Mean time per level.
                   A        B        C        D        E       F      G
               +--------+--------+--------+--------+--------+-----+--------+
         Total |     55 |     55 |      0 |      0 |     36 |   1 |   55.0 |
       Dungeon |     55 |     55 |      0 |      0 |     36 |   1 |   55.0 |
               +--------+--------+--------+--------+--------+-----+--------+

Top non-repeatable levels by time:
     D:1: 55 daAuts

Table legend:
 A = Kills in this place as a percentage of kills in entire the game.
 B = Kills by you in this place as a percentage of kills by you in the entire game.
 C = Kills by friends in this place as a percentage of kills by friends in the entire game.
 D = Other kills in this place as a percentage of other kills in the entire game.
 E = Experience gained in this place as a percentage of experience gained in the entire game.
 F = Experience gained in this place divided by the number of levels of this place that you have seen.
                   A       B       C       D       E      F
               +-------+-------+-------+-------+-------+----------------------
         Total | 100.0 | 100.0 |   N/A |   N/A | 100.0 |   1.0
       Dungeon | 100.0 | 100.0 |   N/A |   N/A | 100.0 |   1.0
               +-------+-------+-------+-------+-------+----------------------
